 Dungeon Crawl Stone Soup version 0.20-a0-426-gc811625 (webtiles) character file.

12247 Promi the Carver (level 11, -7/95 HPs)
             Began as a Demigod Gladiator on Dec 31, 2016.
             Mangled by a black mamba (12 damage)
             ... on level 4 of the Lair of Beasts.
             The game lasted 00:49:17 (13623 turns).

Promi the Carver (Demigod Gladiator)               Turns: 13623, Time: 00:49:18

Health: -7/95      AC: 12    Str: 23    XL:     11   Next: 34%
Magic:  0/14       EV: 18    Int: 14    God:
Gold:   836        SH:  0    Dex: 26    Spells: 10/10 levels left

rFire  . . .     SeeInvis .     D - +0 long sword (slice)
rCold  . . .     Gourm    .     F - +0 scale mail
rNeg   . . .     Faith    .     (no shield)
rPois  +         Spirit   +     H - +2 helmet
rElec  .         Reflect  .     (no cloak)
rCorr  .         Harm     .     q - +1 pair of gloves {Str+3}
MR     +....                    y - +0 pair of boots
Stlth  +.........               A - amulet of guardian spirit
                                z - +6 ring of dexterity
                                L - ring of poison resistance

@: about to teleport, very slightly contaminated
A: clever 1, deformed body, high mp 1, subdued magic 1
a: no special abilities


You were on level 4 of the Lair of Beasts.
You were not hungry.

You visited 2 branches of the dungeon, and saw 14 of its levels.

You collected 836 gold pieces.

Inventory:

Hand Weapons
 a - a +2 long sword
 D - a +0 long sword of slicing (weapon)
Missiles
 d - 3 throwing nets (quivered)
Armour
 b - a +0 leather armour
 c - a +1 helmet
 q - a +1 pair of gloves of strength (worn)
 y - a +0 pair of boots (worn)
 F - a +0 scale mail (worn)
 H - a +2 helmet (worn)
Jewellery
 n - an uncursed ring of stealth
 p - a +6 ring of evasion
 w - an uncursed ring of magical power
 z - a +6 ring of dexterity (right hand)
 A - an amulet of guardian spirit (around neck)
 I - an uncursed amulet of magic regeneration {unknown}
 L - a ring of poison resistance (left hand)
Wands
 h - a wand of iceblast (8/15)
 B - a wand of lightning (1/15)
 E - a wand of removedness (23/24)
Scrolls
 e - 3 scrolls of fog
 g - 5 scrolls of identify
 o - a scroll of teleportation
 r - 6 scrolls of remove curse
 N - a scroll of enchant weapon
 O - a scroll of vulnerability {unknown}
Potions
 k - 2 potions of flight
 l - 3 potions of ambrosia
 t - a potion of brilliance
 x - a potion of cure mutation
 G - 2 potions of curing
 J - a potion of cancellation {unknown}
Books
 i - a book of Battle

   Spells                             Type                      Level
   a - Infusion                       Charms                       1
   b - Shroud of Golubria             Charms/Translocation         2
   c - Song of Slaying                Charms                       2
   d - Spectral Weapon                Hexes/Charms                 3
   e - Regeneration                   Charms/Necromancy            3
 v - a book of Cantrips

   Spells                             Type                      Level
   a - Confusing Touch                Hexes                        1
   b - Animate Skeleton               Necromancy                   1
   c - Summon Small Mammal            Summoning                    1
   d - Apportation                    Translocation                1
 P - a book of Callings

   Spells                             Type                      Level
   a - Summon Small Mammal            Summoning                    1
   b - Call Imp                       Summoning                    2
   c - Call Canine Familiar           Summoning                    3
   d - Summon Guardian Golem          Hexes/Summoning              3
   e - Summon Lightning Spire         Summoning/Air                4
   f - Summon Ice Beast               Ice/Summoning                4
Comestibles
 f - 7 bread rations
 j - 2 beef jerkies
 m - 13 fruits
 s - 5 meat rations
 u - 9 slices of pizza
 C - 6 royal jellies
 K - 2 chunks of flesh


   Skills:
 + Level 8.4 Fighting
 + Level 8.6 Long Blades
 - Level 6.2 Throwing
 + Level 8.0 Armour
 + Level 8.3 Dodging


You had 10 spell levels left.
You didn't know any spells.

Dungeon Overview and Level Annotations

Branches:
Dungeon (10/15)            Temple (0/1) D:4            Lair (4/6) D:8
  Swamp (0/4) Lair:3       Spider (0/4) Lair:3
    Orc: D:9-12

Annotations:
Lair:1 WhatIsLove's ghost, journeyman TeCj
Lair:3 Urug


Innate Abilities, Weirdness & Mutations

You have an increased reservoir of magic. (+10% MP)
Your mind is acute. (Int +2)
Armour fits poorly on your strangely shaped body.
Your spells are a little easier to cast, but a little less powerful.


Message History

* * * LOW HITPOINT WARNING * * *
The black mamba misses you.
A blink frog comes into view.
You barely miss the black mamba.
The black mamba is lightly wounded.
The blink frog croaks.
The black mamba barely misses you.
You riposte.
You miss the black mamba.
The black mamba is lightly wounded.
The bullfrog hits you but does no damage.
The black mamba bites you!
* * * LOW HITPOINT WARNING * * *
A water moccasin comes into view.
As you read the scroll of teleportation, it crumbles to dust.
You feel strangely unstable.
The water moccasin hisses angrily.
The bullfrog hits you.
* * * LOW HITPOINT WARNING * * *
The black mamba closely misses you.
The blink frog blinks!
The black mamba bites you!
You die...

... F.
. S. .$
#+F#
...
.FP##..
##t...
#.F.#
#.S#
#F@#
#PP#
#...
##...
...<.
.#....
. ##.#.
.. ....


You could see a black mamba, 4 blink frogs, a water moccasin, a crocodile and a
bullfrog.

Vanquished Creatures
  2 two-headed ogres (D:8)
  The ghost of RumaTero the Basher, a novice DsAK of Lugonu (D:9)
  The ghost of RumaTero the Basher, a novice DsCK of Xom (D:8)
  3 spiny frogs
  2 rime drakes
  A queen bee (Lair:2)
  A troll (D:10)
  Grinder (D:6)
  3 hippogriffs
  8 yaks
  A wyvern (Lair:2)
  A vampire (D:9)
  A human (D:9)
  3 water moccasins
  An orc warrior (D:5)
  8 porcupines
  A sky beast (D:5)
  A black bear (Lair:3)
  An ogre (D:4)
  6 wolves (Lair:2)
  4 centaurs
  3 crocodiles
  A big kobold (D:7)
  8 bullfrogs
  2 scorpions
  9 wights (D:9)
  18 killer bees
  4 howler monkeys
  3 crimson imps
  3 hounds
  A bullfrog skeleton (D:8)
  3 quasits (D:8)
  2 jellies
  6 iguanas
  6 orc wizards
  12 worker ants
  A howler monkey zombie (D:9)
  Robin (D:2)
  3 gnolls
  A howler monkey skeleton (D:7)
  10 adders
  A shadow imp (D:9)
  An adder skeleton (D:5)
  2 adder zombies
  2 worms (D:2)
  2 dart slugs
  3 leopard geckos
  38 orcs
  12 giant cockroaches
  17 goblins
  19 hobgoblins
  11 jackals
  7 quokkas
  2 ball pythons
  3 bats
  7 frilled lizards
  16 kobolds
  7 rats
  A butterfly (D:5)
299 creatures vanquished.

Vanquished Creatures (others)
  31 fungi
  A plant (Lair:2)
32 creatures vanquished.

Grand Total: 331 creatures vanquished

Notes
Turn   | Place    | Note
-------+----------+-------------------------------------------
     0 | D:1      | Promi the Demigod Gladiator began the quest for the Orb.
     0 | D:1      | Reached XP level 1. HP: 17/17 MP: 3/3
   577 | D:1      | Reached XP level 2. HP: 23/24 MP: 4/4
  1041 | D:2      | Noticed Robin
  1070 | D:2      | Killed Robin
  1070 | D:2      | Reached XP level 3. HP: 26/29 MP: 5/5
  1126 | D:2      | Reached skill level 1 in Armour
  1796 | D:2      | Reached XP level 4. HP: 34/37 MP: 6/6
  2523 | D:3      | Found a blossoming altar of Fedhas.
  2786 | D:3      | Reached XP level 5. HP: 33/44 MP: 7/7
  3223 | D:4      | Noticed an ogre
  3266 | D:4      | Found a staircase to the Ecumenical Temple.
  3329 | D:4      | Noticed an orc warrior
  4417 | D:4      | Found a sacrificial altar of Ru.
  4560 | D:4      | Reached XP level 6. HP: 51/51 MP: 8/8
  5322 | D:5      | Entered Level 5 of the Dungeon
  5397 | D:5      | Found a runed door.
  5622 | D:5      | Found a deep blue altar of Sif Muna.
  5681 | D:5      | Reached XP level 7. HP: 58/58 MP: 9/9
  5821 | D:5      | Found a runed door.
  6208 | D:5      | Gained mutation: Your spells are a little easier to cast, but a little less powerful. [potion of mutation]
  6208 | D:5      | Gained mutation: Armour fits poorly on your strangely shaped body. [potion of mutation]
  6416 | D:5      | Reached skill level 5 in Long Blades
  6416 | D:5      | Reached XP level 8. HP: 37/66 MP: 10/10
  6598 | D:6      | Found a shadowy altar of Dithmenos.
  6828 | D:6      | Found a shimmering altar of Xom.
  6832 | D:6      | Found a radiant altar of Vehumet.
  6834 | D:6      | Found a shattered altar of Ashenzari.
  6886 | D:6      | Noticed Grinder
  6899 | D:6      | Paralysed by Grinder for 7 turns
  6908 | D:6      | Killed Grinder
  6908 | D:6      | Reached skill level 5 in Dodging
  7414 | D:6      | Gained mutation: Your mind is acute. (Int +2) [potion of beneficial mutation]
  7570 | D:7      | Reached skill level 5 in Throwing
  7700 | D:7      | Reached skill level 5 in Fighting
  8358 | D:7      | Found a hazy altar of Hepliaklqana.
  8564 | D:8      | Noticed a two-headed ogre
  8571 | D:8      | Killed a two-headed ogre
  8571 | D:8      | Reached skill level 5 in Armour
  8571 | D:8      | Reached XP level 9. HP: 75/75 MP: 11/11
  8729 | D:8      | Noticed RumaTero's ghost (novice DsCK)
  9001 | D:7      | Upgraded the game from 0.20-a0-396-gbf3f530 to 0.20-a0-426-gc811625
  9086 | D:8      | Found a staircase to the Lair.
  9186 | Lair:1   | Entered Level 1 of the Lair of Beasts
  9214 | Lair:1   | Noticed a spiny frog
  9215 | Lair:1   | Noticed a rime drake
  9229 | Lair:1   | Killed a rime drake
  9230 | Lair:1   | Killed a spiny frog
  9307 | Lair:1   | Noticed WhatIsLove's ghost (journeyman TeCj)
  9584 | D:8      | Noticed a two-headed ogre
  9593 | D:8      | Killed a two-headed ogre
  9593 | D:8      | Reached XP level 10. HP: 66/84 MP: 13/13
  9650 | D:8      | Found a basalt altar of Yredelemnul.
  9733 | D:8      | Killed RumaTero's ghost
 10408 | D:9      | Noticed RumaTero's ghost (novice DsAK)
 10930 | D:10     | Entered Level 10 of the Dungeon
 10977 | D:10     | Noticed a five-headed hydra
 11190 | D:9      | Killed RumaTero's ghost
 12236 | Lair:2   | Reached XP level 11. HP: 89/94 MP: 14/14
 13385 | Lair:3   | Found a staircase to the Swamp.
 13489 | Lair:3   | Found a hole to the Spider Nest.
 13595 | Lair:3   | Noticed Urug
 13623 | Lair:4   | Mangled by a black mamba

Vault maps used:
D:1:      scummos_arrival_star
D:2:      first_bread, uniq_robin
D:3:      fedhas_altar_2
D:4:      nicolae_ru_great_annihilating_truth
D:5:      lemuel_insect_pit, kennysheep_little_box
D:6:      nicolae_overflow_hidden_temple, basic_altar, minmay_statues_item,
          cheibrodos_ashenzari_chains, uniq_grinder
D:7:      lemuel_coloured_pillars_altar
D:8:      nicolae_overflow_crystal_walls, due_lair_maze_entry_diamond
D:9:      grunt_pizzeria
Lair:1:   grunt_megastairs_2, lemuel_fruit_tree
Lair:2:   special_room
Lair:3:   swamp_mist, spider_nest_entry_a, minmay_lindwurm_lava, uniq_urug
Lair:4:   grunt_megastairs_4, uniq_sonja

Skill      XL: |  1  2  3  4  5  6  7  8  9 10 11 |
---------------+----------------------------------+-----
Throwing       | 2 3 4 5 6 |  6.2
Fighting       | 2 3 4 5 6 7 8 |  8.4
Dodging        | 3 4 5 6 7 8 |  8.3
Armour         | 1 2 3 5 6 7 8 |  8.0
Long Blades    | 3 4 5 6 7 8 |  8.6

Action                   |  1- 3 |  4- 6 |  7- 9 | 10-12 || total
-------------------------+-------+-------+-------+-------++-------
Melee: Long sword        |   153 |   214 |   357 |   474 ||  1198
  Use: Scroll            |     3 |     9 |     5 |     3 ||    20
       Potion            |       |     9 |     8 |     3 ||    20
 Stab: Sleeping          |     1 |       |       |       ||     1
       Paralysed         |       |     1 |       |       ||     1
       Distracted        |       |     1 |       |       ||     1
  Eat: Chunk             |     3 |    12 |    13 |    14 ||    42
       Fruit             |       |     1 |       |       ||     1
Armor: Leather armour    |    45 |    53 |     6 |       ||   104
       Skin              |       |       |    88 |       ||    88
       Scale mail        |       |       |    50 |    97 ||   147
Dodge: Dodged            |   118 |   152 |   323 |   551 ||  1144
       Rpst.: Long sword |    28 |    38 |    92 |   139 ||   297
